 Dungeon Crawl Stone Soup version 0.25-a0-578-gc91f01c39c (webtiles) character file.

Game seed: 6267600468783686913, levelgen mode: deterministic

481445 jt the Conqueror (level 23, -37/240 HPs)
             Began as a Centaur Hunter on Mar 4, 2020.
             Was the Champion of Okawaru.
             Hit by a large rock thrown by a stone giant (41 damage)
             ... on level 3 of the Depths on Mar 6, 2020.
             The game lasted 04:43:49 (74796 turns).

jt the Conqueror (Centaur Hunter)                  Turns: 74796, Time: 04:43:49

Health: -37/240    AC: 25    Str: 20    XL:     23   Next: 71%
Magic:  30/30      EV: 14    Int: 16    God:    Okawaru [******]
Gold:   3322       SH:  3    Dex: 21    Spells: 27/32 levels left

rFire    + + .     SeeInvis +   a - +9 longbow (vorpal)
rCold    + . .     Gourm    .   (shield currently unavailable)
rNeg     + + +     Faith    .   o - +3 scale mail of Anoxze Iguwn {+Inv Slay+3}
rPois    +         Spirit   .   m - +1 helmet {Int+3}
rElec    +         Reflect  +   U - scarf {cloud immunity}
rCorr    .         Harm     .   S - +2 pair of gloves {Dex+3}
MR       +++..                  r - +2 centaur barding of the Swamp {rF+ MR+}
Stlth    ..........             Y - amulet of Xom's Wantonness {Reflect MR+ SH+3}
HPRegen  0.50/turn              J - ring of protection from cold
MPRegen  0.22/turn              l - ring "Wugopuri" {*Drain rElec rN+++ Dex+6 SInv}

@: slightly contaminated, very quick
A: large, hooves 3, blink, deformed body, fire resistance 1, speed 2, poison
resistance, screaming 1, tough skin 3, MP-powered wands
}: 2/15 runes: barnacled, gossamer
a: Blink, Heroism, Finesse, Renounce Religion, Evoke Invisibility


You were on level 3 of the Depths.
You worshipped Okawaru.
Okawaru was exalted by your worship.
You were hungry.

You visited 9 branches of the dungeon, and saw 42 of its levels.
You visited 2 bazaars.
You also visited: Gauntlet and Ice Cave.

You collected 6763 gold pieces.
You spent 3441 gold pieces at shops.

Inventory:

Hand Weapons
 a - a +9 vorpal longbow (weapon)
 b - the +7 Singing Sword {vorpal, sonic wave}
   (You found it on level 7 of the Dungeon)

   It inflicts extra damage upon your enemies.
Missiles
 X - 23 curare-tipped darts
 Z - 998 arrows (quivered)
Armour
 m - a +1 helmet of intelligence (worn)
 o - the +3 scale mail of Anoxze Iguwn (worn) {+Inv Slay+3}
   (You found it on level 4 of the Dungeon)

   It affects your accuracy and damage with ranged weapons and melee attacks
   (+3).
   It lets you turn invisible.
   If you remove this armour, your AC will decrease by 9 (25 -> 16).
 r - the +2 centaur barding of the Swamp (worn) {rF+ MR+}
   (You acquired it on level 1 of the Vaults)

   It protects you from fire.
   It affects your resistance to hostile enchantments.
   If you remove this armour, your AC will decrease by 8 (25 -> 17).
 S - a +2 pair of gloves of dexterity (worn)
 T - a +1 cloak
 U - a scarf of cloud immunity (worn)
Jewellery
 i - the ring "Ido Xum" {rN+ rCorr Str+3}
   (You found it on level 1 of the Elven Halls)

   [ring of resist corrosion]

   It affects your strength (+3).
   It protects you from negative energy.
   It provides partial protection from all sources of acid and corrosion.
 k - the amulet "Kastael" {rC+ Regen+ Slay+3 Stlth+}
   (You bought it in a shop in a bazaar)

   [amulet of regeneration]

   It affects your accuracy and damage with ranged weapons and melee attacks
   (+3).
   It protects you from cold.
   It increases your rate of regeneration.
   It makes you more stealthy.
 l - the ring "Wugopuri" (right hand) {*Drain rElec rN+++ Dex+6 SInv}
   (You bought it in a shop in a bazaar)

   [ring of see invisible]

   It affects your dexterity (+6).
   It insulates you from electricity.
   It renders you almost immune to negative energy.
   It lets you see invisible.
   It causes draining when unequipped.
 J - a ring of protection from cold (left hand)
 Y - the amulet of Xom's Wantonness (around neck) {Reflect MR+ SH+3}
   (You took it off a deep elf annihilator on level 3 of the Elven Halls)

   [amulet of reflection]

   It shields you and reflects attacks.
   It affects your resistance to hostile enchantments.
   It affects your SH (+3).
Wands
 u - a wand of digging (18)
 w - a wand of polymorph (25)
 A - a wand of clouds (6)
 B - a wand of scattershot (16)
 C - a wand of enslavement (10)
 F - a wand of iceblast (15)
 I - a wand of acid (19)
 M - a wand of paralysis (32)
Scrolls
 d - 5 scrolls of identify
 e - 13 scrolls of teleportation
 g - a scroll of summoning
 h - a scroll of silence
 t - 3 scrolls of magic mapping
 v - 9 scrolls of fear
 L - 23 scrolls of remove curse
 P - a scroll of blinking
 R - 4 scrolls of fog
 V - a scroll of holy word
Potions
 c - 2 potions of cancellation
 n - 3 potions of ambrosia
 p - 13 potions of haste
 s - 11 potions of curing
 z - 6 potions of flight
 D - 6 potions of might
Miscellaneous
 q - a phial of floods (inert)
 x - a box of beasts
 y - a fan of gales
 E - 5 sacks of spiders
 H - a lamp of fire (inert)
 K - a lightning rod (4/4)
 O - 2 tins of tremorstones
Comestibles
 f - 60 rations


   Skills:
 O Level 27 Fighting
   Level 0.1(5.5) Short Blades
 - Level 8.9 Long Blades
 - Level 20.0 Bows
 - Level 10.0 Armour
 + Level 11.4 Dodging
 - Level 0.4 Stealth
 - Level 5.0 Spellcasting
 - Level 7.0 Hexes
 - Level 7.0 Translocations
 - Level 10.0 Invocations
 - Level 10.0 Evocations


You had 27 spell levels left.
You knew the following spells:

 Your Spells              Type           Power        Failure   Level  Hunger
a - Apportation           Tloc           ####..       1%          1    None
b - Portal Projectile     Hex/Tloc       ####..       6%          3    ###....
c - Animate Skeleton      Necr           N/A          34%         1    None

Your spell library contained the following spells:

 Spells                   Type           Power        Failure   Level  Hunger
 Corona                   Hex            ####...      1%          1    None
 Slow                     Hex            ####....     3%          2    #......
 Confusing Touch          Hex            ####....     6%          3    ###....
 Tukima's Dance           Hex            ####....     6%          3    ###....
 Ensorcelled Hibernation  Hex/Ice        ###...       13%         2    #......
 Shroud of Golubria       Chrm/Tloc      ###...       13%         2    #......
 Cause Fear               Hex            ####......   21%         4    ####...
 Dazzling Flash           Conj/Hex       ###...       26%         3    ###....
 Inner Flame              Hex/Fire       ###.....     26%         3    ###....
 Recall                   Summ/Tloc      N/A          26%         3    ###....
 Spectral Weapon          Hex/Chrm       ###.....     26%         3    ###....
 Summon Guardian Golem    Hex/Summ       ###.....     26%         3    ###....
 Foxfire                  Conj/Fire      #...         34%         1    None
 Infusion                 Chrm           #...         34%         1    None
 Pain                     Necr           #...         34%         1    None
 Sandblast                Erth           #.....       34%         1    None
 Shock                    Conj/Air       #...         34%         1    None
 Summon Small Mammal      Summ           #...         34%         1    None
 Call Imp                 Summ           #.......     47%         2    #......
 Passwall                 Tmut/Erth      #.......     47%         2    #......
 Song of Slaying          Chrm           #.......     47%         2    #......
 Leda's Liquefaction      Hex/Erth       ###.......   63%         4    ####...
 Call Canine Familiar     Summ           #.......     71%         3    ###....
 Conjure Flame            Conj/Fire      #.......     71%         3    ###....
 Ozocubu's Armour         Chrm/Ice       #.......     71%         3    ###....
 Vampiric Draining        Necr           #.........   71%         3    ###....
 Metabolic Englaciation   Hex/Ice        ###.......   93%         5    ######.
 Summon Mana Viper        Hex/Summ       ###.....     93%         5    ######.
 Yara's Violent Unravell  Hex/Tmut       ###.......   93%         5    ######.
 Animate Dead             Necr           N/A          98%         4    ####...
 Ice Form                 Ice/Tmut       #.......     98%         4    ####...
 Summon Ice Beast         Ice/Summ       #.......     98%         4    ####...
 Summon Lightning Spire   Summ/Air       #.......     98%         4    ####...
 Agony                    Necr           #.......     100%        5    ######.
 Bolt of Magma            Conj/Fire/Erth #.........   100%        5    ######.
 Borgnjor's Vile Clutch   Necr/Erth      #.........   100%        5    ######.
 Excruciating Wounds      Chrm/Necr      #.........   100%        5    ######.
 Irradiate                Conj/Tmut      #.........   100%        5    ######.
 Iskenderun's Battlesphe  Conj/Chrm      #.......     100%        5    ######.
 Lee's Rapid Deconstruct  Erth           #.........   100%        5    ######.
 Lightning Bolt           Conj/Air       #.........   100%        5    ######.
 Death Channel            Necr           #.........   100%        6    #######
 Freezing Cloud           Conj/Ice/Air   #.........   100%        6    #######
 Iron Shot                Conj/Erth      #.........   100%        6    #######
 Ozocubu's Refrigeration  Ice            #.........   100%        6    #######
 Simulacrum               Ice/Necr       #.........   100%        6    #######
 Starburst                Conj/Fire      #.........   100%        6    #######
 Statue Form              Tmut/Erth      #........    100%        6    #######
 Haunt                    Necr/Summ      #.........   100%        7    #######
 Orb of Destruction       Conj           #.........   100%        7    #######
 Spellforged Servitor     Conj/Summ      #.........   100%        7    #######
 Borgnjor's Revivificati  Necr           #.........   100%        8    #######
 Death's Door             Chrm/Necr      #.........   100%        8    #######
 Infestation              Necr           #.........   100%        8    #######
 Necromutation            Tmut/Necr      #.........   100%        8    #######
 Shatter                  Erth           #.........   100%        9    #######


Dungeon Overview and Level Annotations

Branches:
Dungeon (15/15)            Temple (1/1) D:5            Lair (6/6) D:8
 Shoals (4/4) Lair:4       Spider (4/4) Lair:3        Slime (0/5) Lair:5
    Orc (2/2) D:12            Elf (3/3) Orc:2        Vaults (4/5) D:14
  Crypt (0/3) Vaults:3     Depths (3/5) D:15          IceCv (visited)
Gauntlet (visited)

Altars:
Ashenzari
Cheibriados
Dithmenos
Elyvilon
Fedhas
Gozag
Hepliaklqana
Kikubaaqudgha
Makhleb
Nemelex Xobeh
Okawaru
Qazlal
Ru
Sif Muna
Trog
Uskayaw
Vehumet
Wu Jian
Xom
Yredelemnul
Zin
The Shining One
Beogh

Shops:
D:6 [   D:7 ?   D:13 *   D:15 %[!   Orc:1 *   Orc:2 [}?:   Depths:2 }}=

Portals:
Hell: Depths:1 Depths:2

Annotations:
D:12 3 runed translucent doors, exclusion: orange crystal statue
Depths:3 Sojobo


Innate Abilities, Weirdness & Mutations

You have hooves in place of feet.
Armour fits poorly on your strangely shaped body.
You cover ground very quickly.
You have extremely tough skin. (AC +3)
You can translocate small distances at will.
Your flesh is heat resistant. (rF+)
Your system is resistant to poisons. (rPois)
You occasionally shout uncontrollably at your foes.
You expend magic power (3 MP) to strengthen your wands.


Message History

You see here an arrow.
You feel yourself slow down.
A tengu conjurer comes into view.
A shadow dragon comes into view.
Found 12 arrows and a ration.
A spriggan berserker comes into view. It is wielding a +0 hand axe.
The spriggan berserker shouts!
You hear a shout!
The spriggan berserker invokes Trog's protection!
Found a wand of flame (21), a rapier and a fan of gales.
You see here a potion of curing.
s - 11 potions of curing (gained 1)
The shadow dragon breathes negative energy at you.
The bolt of negative energy hits you but does no damage.
You resist.
Your surroundings suddenly seem different.
The stone giant shouts!
You hear a shout!
The stone giant throws a large rock.
The large rock hits you!!!
* * * LOW HITPOINT WARNING * * *
You see here a large rock.
The stone giant throws a large rock.
The large rock hits you!!!
You die...

####.......).## ##.zC.##
(..###^.......## #8..(.8#
....Q#++.......#* ##....##
.Q....Q'#.......## #8..(.8#
.Q......##.......# ##.().##
.e.......##......#####'(#######
....8.....##...''##....((...$.#
..........!*##''...8....)...8[#
...........###..@..(.(.(......#
8.........##.....(....C.......#
.......e.##......4............#
.8.......#)○.8.8.8.8...#.#....#
......Q..#./..........#...#...#
......8.§#∩._...........8.....#
.........#...........(#...#...#
.8.!.....#)○.8.8.8.8...#.#....#
.........##...................#


You could see a stone giant and a rust devil.

Vanquished Creatures
  Mara (Elf:3)
  A caustic shrike (Depths:2)
  2 golden dragons (Depths:2)
  Arachne (Spider:2)
  A Tzitzimitl (Depths:1)
  Rupert (D:14)
  A tentacled monstrosity (Depths:2)
  2 liches
  A titan (Depths:2)
  3 deep elf blademasters
  A deep elf master archer (Elf:3)
  Polyphemus (Shoals:2)
  Frances (Shoals:1)
  2 sphinxes (Depths:2)
  Kirke (D:15)
  3 storm dragons
  2 shadow dragons (Depths:2)
  2 tengu reavers
  9 fire giants
  Donald (Elf:3)
  6 frost giants
  An orc warlord (Vaults:2)
  6 deep elf sorcerers
  8 vault wardens
  5 emperor scorpions (Spider:4)
  3 ghost moths (Spider:4)
  5 deep elf elementalists (Elf:3)
  A war gargoyle (Depths:3)
  5 reapers (Depths:1)
  15 stone giants
  10 ironheart preservers
  3 entropy weavers
  9 very ugly things
  4 deep elf demonologists
  15 deep elf annihilators
  A vampire knight (Depths:3)
  Nessos (D:14)
  5 spark wasps
  A minotaur (Gauntlet)
  9 deep elf death magi
  7 ettins
  7 merfolk javelineers
  A crystal guardian (Vaults:3)
  6 fire dragons
  Snorg (Lair:5)
  2 blizzard demons (IceCv)
  2 great orbs of eyes
  3 deep elf high priests
  11 yaktaur captains
  The ghost of Flugslaktarn the Cleaver, a journeyman DDFi of Makhleb (D:10)
  Fannar (Lair:1)
  9 ice dragons
  6 merfolk impalers
  7 rakshasas
  4 vault guards
  7 hydras
  5 merfolk avatars
  8 centaur warriors
  2 death knights (Vaults:4)
  35 two-headed ogres
  A catoblepas (Shoals:2)
  9 merfolk aquamancers
  Erica (D:8)
  7 satyrs
  4 death yaks (Shoals:2)
  5 deep troll earth magi
  6 deep troll shamans
  18 dancing weapons
  An alligator snapping turtle (Shoals:4)
  13 ogre magi
  A hell hog (Gauntlet)
  6 tengu warriors
  6 orc high priests
  A spriggan berserker (Depths:3)
  27 deep elf knights
  2 soul eaters (Depths:1)
  A storm dragon zombie (Vaults:3)
  5 iron trolls
  A shadow wraith (Vaults:1)
  7 hell knights
  13 skeletal warriors
  A flayed ghost (Depths:2)
  20 deep trolls
  20 sea snakes
  A glowing orange brain (Depths:2)
  7 unseen horrors
  A sea snake (shapeshifter) (Vaults:1)
  A spark wasp zombie (Depths:1)
  23 deep elf archers
  3 wizards
  An obsidian statue (D:14)
  10 necromancers
  An orange crystal statue (Vaults:3)
  14 ironbrand convokers
  13 harpies
  A phantasmal warrior (Vaults:4)
  84 deep elf magi
  A fire giant zombie (Depths:1)
  A wolf spider zombie (D:15)
  7 orc sorcerers
  23 wolf spiders
  An orb spider (shapeshifter) (D:12)
  25 orc knights
  3 tengu skeletons (Vaults:3)
  20 fauns
  9 cyclopes
  An oklob plant (Lair:1)
  2 stone giant zombies
  43 ugly things
  21 manticores
  21 orb spiders
  3 moths of wrath (Spider:4)
  2 frost giant zombies (Depths:1)
  12 elephants
  A shadow dragon skeleton (Depths:1)
  A stone giant skeleton (Depths:1)
  12 merfolk sirens
  A guardian serpent (shapeshifter) (Vaults:2)
  3 black mambas
  9 water nymphs
  2 ice statues
  2 gargoyles
  2 rust devils (Depths:3)
  An elf zombie (Depths:1)
  4 fire giant skeletons
  10 vault sentinels
  4 torpor snails
  10 spiny frogs
  Maggie (D:7)
  7 rime drakes
  7 freezing wraiths
  2 komodo dragons (shapeshifter)
  13 demonic crawlers
  4 anaconda simulacra (IceCv)
  A kobold demonologist (D:12)
  3 yaktaur zombies (Depths:1)
  8 komodo dragons
  50 yaktaurs
  4 ice devils (IceCv)
  2 yaktaur skeletons
  A spriggan skeleton (Depths:1)
  A troll (shapeshifter) (Depths:3)
  35 merfolk
  3 tengu conjurers
  6 polar bears (Lair:6)
  11 trolls
  18 hornets
  A tengu simulacrum (Depths:1)
  A tyrant leech (shapeshifter) (Elf:1)
  5 wind drakes
  9 dream sheep
  31 jumping spiders
  A blink frog (shapeshifter) (D:14)
  41 blink frogs
  36 slime creatures
  A raiju (shapeshifter) (Elf:3)
  4 tyrant leeches
  2 ettin zombies (Depths:1)
  A fire giant simulacrum (Vaults:4)
  4 meliai zombies
  2 stone giant simulacra
  A hippogriff (shapeshifter) (Vaults:3)
  2 spriggan zombies (Depths:1)
  7 snapping turtles
  6 hippogriffs
  2 deep troll skeletons (Depths:1)
  46 redbacks
  16 tarantellas
  3 dire elephant simulacra (IceCv)
  13 water elementals
  An air elemental (Elf:2)
  6 shadows
  An ice dragon skeleton (Depths:1)
  3 spriggans (D:10)
  6 wyverns
  Eustachio (D:5)
  9 humans
  A vampire (D:10)
  4 basilisks
  A yak (shapeshifter) (Vaults:2)
  3 fire bats (Gauntlet)
  A wraith (D:13)
  48 yaks
  2 fire elementals (Elf:2)
  A golden eye (shapeshifter) (Vaults:1)
  3 hogs (D:15)
  4 vampire mosquitoes (D:15)
  A death yak simulacrum (IceCv)
  A yaktaur simulacrum (Depths:1)
  3 hungry ghosts
  Edmund (D:5)
  11 wargs
  5 harpy simulacra (IceCv)
  A water moccasin (shapeshifter) (Vaults:2)
  2 iron troll simulacra (IceCv)
  3 swamp worms (Gauntlet)
  An acid dragon (Vaults:2)
  17 water moccasins
  A hydra simulacrum (IceCv)
  Duvessa (D:5)
  3 hell hounds (Gauntlet)
  10 porcupines
  50 orc warriors
  An ice beast (D:14)
  A black bear (D:6)
  A necrophage (D:7)
  5 sky beasts
  An ice dragon simulacrum (Depths:1)
  3 phantoms
  3 eyes of draining
  20 centaurs
  30 ogres
  3 boggarts (Vaults:1)
  14 wolves
  21 crocodiles
  2 big kobolds
  A big kobold (shapeshifter) (Elf:2)
  20 bullfrogs
  12 human skeletons
  A gnoll sergeant (D:8)
  8 earth elementals
  A deep troll simulacrum (Vaults:3)
  Dowan (D:5)
  A wyvern skeleton (D:14)
  7 scorpions
  13 killer bees
  16 wights
  An electric eel (Spider:2)
  A bullfrog zombie (D:12)
  A howler monkey (D:13)
  3 centaur zombies
  12 crimson imps
  3 quasits
  3 draconian simulacra (IceCv)
  8 jellies
  9 hounds
  25 orc priests
  Crazy Yiuf (D:6)
  6 bullfrog skeletons
  2 centaur skeletons
  7 iguanas
  15 worker ants
  38 orc wizards
  3 troll simulacra (IceCv)
  2 spriggan simulacra (IceCv)
  3 polar bear simulacra (IceCv)
  2 wolf simulacra (IceCv)
  A killer bee zombie (D:9)
  2 centaur simulacra (IceCv)
  2 hound zombies
  2 hound skeletons
  11 gnolls
  14 adders
  2 naga simulacra (IceCv)
  3 ogre simulacra (IceCv)
  A shadow imp (D:5)
  9 white imps
  6 ufetubi (IceCv)
  8 oozes
  An adder zombie (D:5)
  An adder skeleton (D:8)
  3 worms
  2 dart slugs (D:1)
  4 leopard geckos
  120 orcs
  A ball python (D:2)
  3 giant cockroaches
  6 goblins
  8 hobgoblins
  22 jackals
  5 quokkas
  17 bats
  4 frilled lizards
  A giant cockroach zombie (D:5)
  A jackal skeleton (D:4)
  20 kobolds
  2 quokka skeletons
  14 rats
  2 fungi
  6 plants
2121 creatures vanquished.

Vanquished Creatures (collateral kills)
  A spriggan air mage (Depths:2)
  A spriggan berserker (Depths:2)
  A sea snake (Shoals:4)
  A wolf spider (Spider:4)
  A manticore (Shoals:4)
  A snapping turtle (Shoals:4)
  3 redbacks (Spider:4)
9 creatures vanquished.

Vanquished Creatures (others)
  A deep elf master archer (Elf:3)
  A tengu reaver (Depths:3)
  A spark wasp (Spider:4)
  A vault guard (D:14)
  A two-headed ogre (D:8)
  2 deep elf magi (Elf:2)
  3 rust devils (Depths:3)
  An ufetubus (IceCv)
  An orc (Vaults:4)
  10 fungi
  14 plants
36 creatures vanquished.

Grand Total: 2166 creatures vanquished

Notes
Turn   | Place    | Note
-------+----------+-------------------------------------------
     0 | D:1      | jt the Centaur Hunter began the quest for the Orb.
     0 | D:1      | Reached XP level 1. HP: 17/17 MP: 1/1
   306 | D:1      | Reached XP level 2. HP: 24/24 MP: 2/2
  1127 | D:1      | Reached XP level 3. HP: 29/29 MP: 3/3
  1877 | D:2      | Reached XP level 4. HP: 34/36 MP: 4/4
  3518 | D:3      | Reached XP level 5. HP: 35/41 MP: 5/5
  4759 | D:4      | Got a warped scale mail
  4822 | D:4      | Identified the +3 scale mail of Anoxze Iguwn {+Inv Slay+3}
                  | (You found it on level 4 of the Dungeon)
  5282 | D:4      | Reached XP level 6. HP: 48/48 MP: 6/6
  5477 | D:4      | Reached skill level 10 in Bows
  6120 | D:5      | Entered Level 5 of the Dungeon
  6208 | D:5      | Reached XP level 7. HP: 47/55 MP: 7/7
  6309 | D:5      | Noticed Dowan
  6311 | D:5      | Noticed Duvessa
  6332 | D:5      | Killed Duvessa
  6344 | D:5      | Killed Dowan
  6385 | D:5      | Found a staircase to the Ecumenical Temple.
  6402 | Temple   | Entered the Ecumenical Temple
  6458 | Temple   | Became a worshipper of Warmaster Okawaru
  6500 | D:5      | Found a bloodstained altar of Trog.
  6507 | D:5      | Noticed Edmund
  6536 | D:5      | Killed Edmund
  6727 | D:5      | Reached XP level 8. HP: 61/61 MP: 8/8
  6766 | D:5      | Reached * piety under Okawaru
  7293 | D:5      | Found a shimmering blue altar of Sif Muna.
  7581 | D:5      | Noticed Eustachio
  7587 | D:5      | Killed Eustachio
  7698 | D:6      | Got a faintly humming leather armour
  7706 | D:6      | Reached skill level 1 in Evocations
  7720 | D:6      | Identified the +1 leather armour of the Boiling Point {rF+
                  | Dex+6} (You found it on level 6 of the Dungeon)
  7736 | D:6      | You fall into a shaft and drop 1 floor!
  7737 | D:7      | Found a shadowy altar of Dithmenos.
  7760 | D:7      | Reached skill level 1 in Armour
  7895 | D:7      | Reached ** piety under Okawaru
  7895 | D:7      | Reached skill level 3 in Fighting
  7949 | D:7      | Found a shimmering altar of Xom.
  8068 | D:6      | Reached XP level 9. HP: 70/70 MP: 10/10
  8119 | D:6      | Reached skill level 4 in Fighting
  8582 | D:6      | Found a runed translucent door.
  8583 | D:6      | Noticed Crazy Yiuf
  8605 | D:6      | Killed Crazy Yiuf
  8766 | D:6      | Reached skill level 5 in Fighting
  8864 | D:6      | Found Icozxep's Armour Shop.
  9094 | D:7      | Found Qityxy's Magic Scroll Boutique.
  9097 | D:7      | Bought a scroll of magic mapping for 42 gold pieces
  9097 | D:7      | Bought a scroll of fog for 24 gold pieces
  9147 | D:7      | Noticed Maggie
  9159 | D:7      | Killed Maggie
  9159 | D:7      | Reached *** piety under Okawaru
  9708 | D:7      | Reached skill level 6 in Fighting
  9708 | D:7      | Reached skill level 5 in Evocations
  9900 | D:7      | Found the +7 Singing Sword {vorpal, sonic wave}
 10145 | D:8      | Noticed a two-headed ogre
 10361 | D:8      | Noticed a two-headed ogre
 10368 | D:8      | Noticed Erica
 10387 | D:8      | Reached skill level 7 in Fighting
 10387 | D:8      | Reached XP level 10. HP: 83/86 MP: 13/13
 10391 | D:8      | Killed a two-headed ogre
 10391 | D:8      | Reached **** piety under Okawaru
 10391 | D:8      | Killed Erica
 10469 | D:8      | Found a staircase to the Lair.
 10490 | D:8      | Reached skill level 8 in Fighting
 10894 | D:7      | Reached skill level 1 in Long Blades
 11640 | D:8      | Found a sparkling altar of Nemelex Xobeh.
 12035 | D:8      | Found a white marble altar of Elyvilon.
 12035 | D:8      | Found a blossoming altar of Fedhas.
 12040 | D:8      | Reached ***** piety under Okawaru
 12253 | D:8      | Received a gift from Okawaru
 12565 | D:9      | Reached XP level 11. HP: 95/95 MP: 14/14
 12566 | D:9      | Found a hide-covered altar of Uskayaw.
 12632 | D:9      | Noticed a +0 hand axe
 12632 | D:9      | Noticed a +0 dagger
 12851 | D:9      | Reached skill level 9 in Fighting
 13321 | D:9      | You fall into a shaft and drop 1 floor!
 13321 | D:10     | Entered Level 10 of the Dungeon
 14422 | D:10     | Found a runed translucent door.
 14425 | D:10     | Identified the +6 spear "Aptilar" {vorpal, MR+ MP+9}
 14426 | D:10     | Noticed Flugslaktarn's ghost (journeyman DDFi)
 14436 | D:10     | Reached skill level 5 in Armour
 14942 | D:10     | Found an iron altar of Okawaru.
 15265 | D:10     | Killed an unseen horror
 15475 | D:10     | Reached skill level 5 in Long Blades
 15910 | D:11     | Reached skill level 10 in Fighting
 16383 | D:12     | Found a runed translucent door.
 16424 | D:12     | Found a runed translucent door.
 16425 | D:12     | Noticed a deep elf mage
 16440 | D:12     | Killed a deep elf mage
 16455 | D:12     | Found a burning altar of Makhleb.
 16511 | D:12     | Noticed an ogre mage
 16531 | D:12     | Killed an unseen horror
 16531 | D:12     | Reached XP level 12. HP: 96/107 MP: 15/15
 16539 | D:12     | Killed an ogre mage
 16539 | D:12     | Received a gift from Okawaru
 16931 | D:12     | Reached skill level 11 in Fighting
 17155 | D:12     | Found a runed translucent door.
 17161 | D:12     | Found the +10 tower shield of Ignorance {rN+ Int-4}
 17175 | D:12     | Found a runed translucent door.
 17245 | D:12     | Received a gift from Okawaru
 17463 | D:12     | Found a staircase to the Orcish Mines.
 17631 | D:12     | Identified the +4 ring mail of the Stallion {Int+7} (You
                  | found it on level 12 of the Dungeon)
 18169 | Lair:1   | Entered Level 1 of the Lair of Beasts
 18169 | Lair:1   | Noticed Fannar
 18180 | Lair:1   | Killed Fannar
 18346 | Lair:1   | Reached skill level 15 in Bows
 18351 | Lair:1   | Noticed a four-headed hydra
 18362 | Lair:1   | Reached ****** piety under Okawaru
 18391 | Lair:1   | Received a gift from Okawaru
 18461 | Lair:1   | Killed a four-headed hydra
 18673 | Lair:1   | Reached XP level 13. HP: 89/117 MP: 16/16
 18941 | Lair:1   | Received a gift from Okawaru
 19397 | Lair:2   | Found a gate leading to a gauntlet.
 19437 | Gauntlet | Entered a Gauntlet
 19437 | Gauntlet | Found a transporter.
 19437 | Gauntlet | Found a transporter.
 19437 | Gauntlet | Found a transporter.
 19437 | Gauntlet | Found a transporter.
 19457 | Gauntlet | Found a transporter.
 19467 | Gauntlet | Found a transporter.
 19471 | Gauntlet | Found a transporter.
 19483 | Gauntlet | Found a transporter.
 19503 | Gauntlet | Found a transporter.
 19508 | Gauntlet | Found a transporter.
 19512 | Gauntlet | Found a transporter.
 19514 | Gauntlet | Found a runed translucent gate.
 19514 | Gauntlet | Found a runed translucent gate.
 19514 | Gauntlet | Found a runed translucent gate.
 19515 | Gauntlet | Found a large runed translucent door.
 19515 | Gauntlet | Found a large runed translucent door.
 19516 | Gauntlet | Found a large runed translucent door.
 19516 | Gauntlet | Found a large runed translucent door.
 19516 | Gauntlet | Found a large runed translucent door.
 19517 | Gauntlet | Found a large runed translucent door.
 19517 | Gauntlet | Found a large runed translucent door.
 19518 | Gauntlet | Found a large runed translucent door.
 19518 | Gauntlet | Found a large runed translucent door.
 19518 | Gauntlet | Found a runed translucent door.
 19518 | Gauntlet | Found a runed translucent door.
 19519 | Gauntlet | Found a large runed translucent door.
 19520 | Gauntlet | Found a large runed translucent door.
 19522 | Gauntlet | Found a transporter.
 19530 | Gauntlet | Found a large runed translucent door.
 19530 | Gauntlet | Found a large runed translucent door.
 19564 | Gauntlet | Found a large runed translucent door.
 19564 | Gauntlet | Found a large runed translucent door.
 19567 | Gauntlet | Found a large runed translucent door.
 19636 | Gauntlet | Gained mutation: Your system is resistant to poisons.
                  | (rPois) [potion of mutation]
 19636 | Gauntlet | Gained mutation: You occasionally shout uncontrollably at
                  | your foes. [potion of mutation]
 19636 | Gauntlet | Gained mutation: You expend magic power (3 MP) to
                  | strengthen your wands. [potion of mutation]
 19636 | Gauntlet | Gained mutation: You can translocate small distances at
                  | will. [potion of mutation]
 19669 | Gauntlet | Reached skill level 12 in Fighting
 19745 | Gauntlet | Received a gift from Okawaru
 19756 | Gauntlet | Received a gift from Okawaru
 19785 | Gauntlet | Got an ancient golden ring
 19786 | Gauntlet | Identified the ring "Acziole" {rElec rF+ Slay-2 SInv} (You
                  | found it in a Gauntlet)
 19841 | Gauntlet | Identified the +5 fustibalus of Ycu Xemo {vorpal, rElec rC+
                  | rN+ Int+4}
 19841 | Gauntlet | Noticed a minotaur
 19855 | Gauntlet | Killed a minotaur
 19874 | Gauntlet | Identified Sophisticated Rites and Rhymes
 19876 | Gauntlet | Got a translucent plate armour
 19881 | Lair:2   | Identified the +4 plate armour of Responsibility {-Tele
                  | rElec Regen+} (You found it in a Gauntlet)
 19926 | Lair:2   | Reached skill level 1 in Invocations
 20016 | Lair:2   | Learned a level 1 spell: Apportation
 20097 | Lair:2   | Identified the +1 ring mail "Oskeqot" {rElec rF+} (You
                  | found it on level 2 of the Lair of Beasts)
 20714 | Lair:3   | Received a gift from Okawaru
 21217 | Lair:3   | Found a hole to the Spider Nest.
 22107 | Lair:4   | Found a staircase to the Shoals.
 22128 | Lair:4   | Received a gift from Okawaru
 22132 | Lair:4   | Got a smoking centaur barding {god gift}
 22541 | Lair:4   | Reached skill level 5 in Invocations
 22864 | Lair:5   | Reached skill level 13 in Fighting
 22971 | Lair:5   | Identified the +3 centaur barding of the Serpent {Dex+4}
                  | (Okawaru gifted it to you on level 4 of the Lair of Beasts)
 23046 | Lair:5   | Found a staircase to the Slime Pits.
 23298 | Lair:5   | Learned a level 3 spell: Portal Projectile
 23426 | Lair:5   | Noticed Snorg
 23433 | Lair:5   | Killed Snorg
 23433 | Lair:5   | Reached XP level 14. HP: 129/129 MP: 17/17
 23821 | Lair:6   | Entered Level 6 of the Lair of Beasts
 24340 | Lair:6   | Received a gift from Okawaru
 25141 | Lair:6   | Received a gift from Okawaru
 25364 | Lair:6   | Reached skill level 14 in Fighting
 26629 | D:13     | Found Geckulof's Assorted Antiques.
 26687 | D:13     | Bought a runed scarf for 272 gold pieces
 26710 | D:13     | Bought a forked silver wand for 136 gold pieces
 27015 | D:13     | Paralysed by a hornet for 3 turns
 27051 | D:13     | Received a gift from Okawaru
 27416 | D:14     | Received a gift from Okawaru
 27423 | D:14     | Identified the +3 buckler "Seiqiloh" {rC+++ rN++ Dex-5
                  | Stlth-} (Okawaru gifted it to you on level 14 of the
                  | Dungeon)
 27488 | D:14     | Reached XP level 15. HP: 97/139 MP: 21/21
 27751 | D:14     | Noticed Nessos
 27764 | D:14     | Killed Nessos
 28460 | D:14     | Found a gate to the Vaults.
 28560 | D:14     | Identified a scroll of acquirement
 28560 | D:14     | Identified the +6 triple crossbow of Courage {flame, rPois
                  | rC+ rN+} (You acquired it on level 14 of the Dungeon)
 28561 | D:14     | Found the +10 Black Knight's horse barding {ponderous,
                  | rPois rN+}
 28668 | D:14     | Noticed Rupert
 28688 | D:15     | Entered Level 15 of the Dungeon
 28716 | D:15     | Noticed Kirke
 28733 | D:15     | Killed Kirke
 28733 | D:15     | Reached skill level 15 in Fighting
 28867 | D:15     | Found Dinwyklu's Antique Armour Shoppe.
 28906 | D:15     | Bought a pair of runed gloves for 232 gold pieces
 29155 | Spider:1 | Entered Level 1 of the Spider Nest
 29446 | Spider:1 | Received a gift from Okawaru
 29885 | Spider:1 | You fall into a shaft and drop 1 floor!
 30610 | D:7      | Bought a scroll of enchant weapon for 90 gold pieces
 30611 | D:7      | Bought a scroll of magic mapping for 42 gold pieces
 30790 | D:13     | Bought a scroll of enchant weapon for 255 gold pieces
 31225 | Spider:2 | Noticed Arachne
 31238 | Spider:2 | Killed Arachne
 31681 | Spider:3 | Reached skill level 16 in Fighting
 32137 | Spider:3 | Received a gift from Okawaru
 32752 | Spider:4 | Entered Level 4 of the Spider Nest
 32816 | Spider:4 | Received a gift from Okawaru
 32825 | Spider:4 | Identified the +1 robe "Hyffats" {Regen+ Int+2} (Okawaru
                  | gifted it to you on level 4 of the Spider Nest)
 32929 | Spider:4 | Reached XP level 16. HP: 152/152 MP: 22/22
 33855 | Spider:4 | Reached skill level 17 in Fighting
 34488 | Spider:4 | Got a gossamer rune of Zot
 34788 | Spider:4 | Reached skill level 18 in Fighting
 34973 | Spider:4 | Received a gift from Okawaru
 35225 | Spider:4 | Received a gift from Okawaru
 35499 | Spider:4 | Received a gift from Okawaru
 36061 | D:10     | Killed Flugslaktarn's ghost
 36299 | D:15     | Found Perir's Distillery.
 36305 | D:15     | Bought 2 potions of heal wounds for 110 gold pieces
 36309 | D:15     | Bought a potion of heal wounds for 55 gold pieces
 36404 | D:15     | Reached skill level 19 in Fighting
 36465 | D:15     | Found Raufy's Food Shop.
 36735 | D:15     | Received a gift from Okawaru
 36779 | D:15     | Reached XP level 17. HP: 119/168 MP: 23/23
 36909 | D:15     | Found a staircase to the Depths.
 36997 | D:15     | Got a crude tin amulet
 36998 | D:15     | Identified the amulet of Qaturof {Acrobat Fragile rN++}
                  | (You found it on level 15 of the Dungeon)
 37110 | Depths:1 | Entered Level 1 of the Depths
 37450 | Vaults:1 | Entered Level 1 of the Vaults
 37470 | Vaults:1 | Found a roughly hewn altar of Beogh.
 37677 | Vaults:1 | Found a flickering gateway to a bazaar.
 37716 | Bazaar   | Entered a bazaar
 37919 | Bazaar   | Found Qenugh's Magic Scroll Shoppe.
 37956 | Bazaar   | Found Filuaff's Food Boutique.
 37963 | Bazaar   | Found Faic's Armour Shop.
 38003 | Bazaar   | Bought a scroll of identify for 22 gold pieces
 38003 | Bazaar   | Bought a scroll of enchant armour for 82 gold pieces
 38003 | Bazaar   | Bought a scroll of magic mapping for 38 gold pieces
 38003 | Bazaar   | Bought a scroll of enchant weapon for 82 gold pieces
 38003 | Bazaar   | Bought a scroll of enchant armour for 82 gold pieces
 38003 | Bazaar   | Bought a scroll of blinking for 82 gold pieces
 38004 | Bazaar   | Bought a scroll of immolation for 38 gold pieces
 38291 | Vaults:1 | Received a gift from Okawaru
 38294 | Vaults:1 | Reached skill level 20 in Fighting
 38726 | Vaults:1 | Received a gift from Okawaru
 39363 | Vaults:1 | Received a gift from Okawaru
 39668 | Vaults:1 | Identified the +6 longbow of the Revolution {freeze, Str+2
                  | Int+5 Dex+4} (You acquired it on level 1 of the Vaults)
 39668 | Vaults:1 | Identified the amulet of Nelafyi {Reflect SH+2 SInv Stlth+}
                  | (You acquired it on level 1 of the Vaults)
 39668 | Vaults:1 | Identified the +2 centaur barding of the Swamp {rF+ MR+}
                  | (You acquired it on level 1 of the Vaults)
 40575 | Vaults:1 | Reached skill level 5 in Dodging
 41056 | Vaults:2 | Reached skill level 21 in Fighting
 41932 | Vaults:2 | Reached XP level 18. HP: 165/182 MP: 24/24
 42261 | Vaults:2 | Received a gift from Okawaru
 42503 | Vaults:2 | Received a gift from Okawaru
 43711 | Vaults:2 | Found a shimmering blue altar of Sif Muna.
 44746 | Vaults:3 | Received a gift from Okawaru
 44938 | Vaults:3 | Reached skill level 22 in Fighting
 45501 | Vaults:3 | Received a gift from Okawaru
 45519 | Vaults:3 | Got a steaming centaur barding {god gift}
 45520 | Vaults:3 | Identified the +3 centaur barding of the Endless Expanse
                  | {rF- Int+4 Dex+3} (Okawaru gifted it to you on level 3 of
                  | the Vaults)
 46112 | Vaults:3 | Reached XP level 19. HP: 186/193 MP: 25/25
 46640 | Vaults:3 | Reached skill level 23 in Fighting
 47465 | Vaults:3 | Received a gift from Okawaru
 47484 | Vaults:3 | Found a staircase to the Crypt.
 48142 | Vaults:4 | Received a gift from Okawaru
 48147 | Vaults:4 | Got a crystal longbow {god gift}
 48222 | Vaults:3 | Identified the +3 longbow of Midwinter {freeze, Str+4 Int+4
                  | Dex+2} (Okawaru gifted it to you on level 4 of the Vaults)
 48640 | Vaults:4 | Identified the +2 hand axe of Peril {freeze, *Rage rPois
                  | MR+ Stlth+} (You found it on level 4 of the Vaults)
 48843 | Vaults:4 | Received a gift from Okawaru
 50388 | D:14     | Killed Rupert
 50756 | Orc:1    | Entered Level 1 of the Orcish Mines
 50858 | Orc:1    | Found Layfour's Assorted Antiques.
 50877 | Orc:1    | Bought an embroidered scarf for 208 gold pieces
 51007 | Orc:2    | Entered Level 2 of the Orcish Mines
 51014 | Orc:2    | Reached skill level 24 in Fighting
 51196 | Orc:2    | Found a staircase to the Elven Halls.
 51989 | Orc:2    | Reached XP level 20. HP: 198/206 MP: 26/26
 52102 | Orc:2    | Found Haqueh's Book Emporium.
 52102 | Orc:2    | Found Pikhuego's Armour Boutique.
 52109 | Orc:2    | Found Alouvo Diesu's Gadget Boutique.
 52109 | Orc:2    | Found Hummir's Magic Scroll Emporium.
 52536 | Shoals:1 | Entered Level 1 of the Shoals
 52745 | D:7      | Bought a scroll of holy word for 90 gold pieces
 53027 | Shoals:1 | You fall into a shaft and drop 1 floor!
 53033 | Shoals:2 | Noticed Polyphemus
 53438 | Shoals:1 | Received a gift from Okawaru
 53551 | Shoals:1 | Received a gift from Okawaru
 53574 | Shoals:1 | Noticed Frances
 53579 | Shoals:1 | Killed Frances
 54370 | Shoals:2 | Killed Polyphemus
 54841 | Shoals:2 | Got a faintly humming scale mail
 55424 | Shoals:3 | Received a gift from Okawaru
 55477 | Shoals:3 | Got a scorched amber ring
 55586 | Shoals:3 | Reached skill level 10 in Evocations
 55795 | D:7      | Bought a scroll of identify for 24 gold pieces
 55795 | D:7      | Bought a scroll of identify for 24 gold pieces
 55795 | D:7      | Identified the +5 scale mail of Edghol {+Fly MR- Regen+
                  | Str+5} (You found it on level 2 of the Shoals)
 55796 | D:7      | Identified the ring "Jaizuwku" {Fire rElec MP+9 Str+3} (You
                  | found it on level 3 of the Shoals)
 56837 | Shoals:4 | Entered Level 4 of the Shoals
 58494 | Shoals:4 | Received a gift from Okawaru
 58669 | Shoals:4 | Reached skill level 10 in Invocations
 58951 | Shoals:4 | Got a flickering bronze ring
 58952 | Shoals:4 | Identified the ring of Uperch Mibad {rF+ rN+ Str-2 Int+3
                  | Dex+2} (You found it on level 4 of the Shoals)
 59445 | Shoals:4 | Got a barnacled rune of Zot
 59517 | Shoals:4 | Reached XP level 21. HP: 212/215 MP: 28/28
 60118 | Elf:1    | Entered Level 1 of the Elven Halls
 60152 | Elf:1    | Found a shimmering blue altar of Sif Muna.
 60174 | Elf:1    | Reached skill level 10 in Armour
 60181 | Elf:1    | Reached skill level 1 in Hexes
 60184 | Elf:1    | Reached skill level 1 in Translocations
 60304 | Elf:1    | Reached skill level 1 in Spellcasting
 60318 | Elf:1    | Found a frozen archway.
 60340 | IceCv    | Entered an ice cave
 60907 | IceCv    | Got a pair of transparent gloves
 60937 | IceCv    | Identified the +0 pair of gloves "Vuxuc" {Int+4 Stlth+}
                  | (You found it in an ice cave)
 60961 | IceCv    | Got a heavily runed bone amulet
 60962 | IceCv    | Identified the amulet "Enejom" {Harm *Drain rF+ Slay+4
                  | Stlth-} (You found it in an ice cave)
 61279 | Elf:1    | Identified the Catalogue of Conjuration
 61404 | Elf:1    | Identified the ring "Ido Xum" {rN+ rCorr Str+3} (You found
                  | it on level 1 of the Elven Halls)
 61783 | Elf:1    | You fall into a shaft and drop 1 floor!
 61783 | Elf:2    | Found a huge runed translucent gate.
 61783 | Elf:2    | Found a huge runed translucent gate.
 61783 | Elf:2    | Found a huge runed translucent gate.
 61783 | Elf:2    | Found a huge runed translucent gate.
 61876 | Elf:2    | Received a gift from Okawaru
 62029 | Elf:2    | Found a huge runed translucent gate.
 63027 | Elf:1    | Reached skill level 25 in Fighting
 63481 | Elf:2    | Gained mutation: Your flesh is heat resistant. (rF+) [a
                  | neqoxec]
 63909 | Elf:3    | Entered Level 3 of the Elven Halls
 64185 | Elf:3    | Reached skill level 5 in Hexes
 64185 | Elf:3    | Reached skill level 5 in Translocations
 64566 | Elf:3    | Reached skill level 5 in Spellcasting
 64611 | Elf:3    | Identified the amulet of Xom's Wantonness {Reflect MR+
                  | SH+3}
 64612 | Elf:3    | Received a gift from Okawaru
 64613 | Elf:3    | Identified the ring "Feog" {rPois rF+}
 64618 | Elf:3    | Reached XP level 22. HP: 226/226 MP: 29/29
 64848 | Elf:3    | Identified the cursed +0 falchion of Duty {antimagic, +Fly
                  | Stlth+}
 65223 | Elf:3    | Got an ancient plate armour
 65552 | Elf:3    | Got a faintly glowing ring mail
 65554 | Elf:3    | Identified Qoocac's Almanac of the Rocks and Dark Secrets
 65575 | Elf:3    | Received a gift from Okawaru
 66166 | Elf:3    | Got a pearl-encrusted scale mail
 66206 | Elf:3    | Received a gift from Okawaru
 66230 | Elf:3    | Got a twisted shortbow {god gift}
 66278 | Elf:3    | Noticed Mara
 66309 | Elf:3    | Noticed jt's illusion
 66339 | Elf:3    | Noticed Donald
 66347 | Elf:3    | Killed Donald
 66381 | Elf:3    | Killed Mara
 66864 | Orc:2    | Bought 2 scrolls of identify for 72 gold pieces
 66864 | Orc:2    | Bought a scroll of identify for 36 gold pieces
 66864 | Orc:2    | Bought a scroll of identify for 36 gold pieces
 66864 | Orc:2    | Identified the +1 shortbow of Keyblyuwn {venom, rF+ rC-
                  | Int-4 Dex+8} (Okawaru gifted it to you on level 3 of the
                  | Elven Halls)
 66869 | Orc:2    | Identified the +4 plate armour of the Ward {Dex+5} (You
                  | found it on level 3 of the Elven Halls)
 66870 | Orc:2    | Identified the +0 scale mail "Coxuagoa" {rF+ rC- Dex+2}
                  | (You found it on level 3 of the Elven Halls)
 66871 | Orc:2    | Identified the +4 ring mail of the Sea {+Fly Str+4} (You
                  | found it on level 3 of the Elven Halls)
 68804 | Depths:1 | Received a gift from Okawaru
 69062 | Depths:1 | Received a gift from Okawaru
 69244 | Depths:1 | Reached skill level 26 in Fighting
 69974 | Depths:1 | Found a gateway to Hell.
 70397 | Depths:1 | Found an ancient bone altar of Kikubaaqudgha.
 70914 | Depths:1 | Identified Miunloni's Collected Works on Flamy Stones
 71629 | Depths:1 | Identified the +9 morningstar "Xezeusti" {freeze, Dex+3}
                  | (You found it on level 1 of the Depths)
 71658 | Depths:1 | Reached XP level 23. HP: 208/238 MP: 28/30
 71792 | Depths:1 | Identified the cursed +0 crystal plate armour of Juclix
                  | {*Contam rC+ SInv} (You found it on level 1 of the Depths)
 72124 | Depths:2 | Found a flickering gateway to a bazaar.
 72141 | Bazaar   | Entered a bazaar
 72147 | Bazaar   | Found Peji Ree's Jewellery Shop.
 72147 | Bazaar   | Found Pokh's Magic Scroll Boutique.
 72175 | Bazaar   | Bought the amulet "Kastael" {rC+ Regen+ Slay+3 Stlth+} for
                  | 534 gold pieces
 72175 | Bazaar   | Bought the ring "Wugopuri" {*Drain rElec rN+++ Dex+6 SInv}
                  | for 513 gold pieces
 72177 | Bazaar   | Bought a scroll of enchant weapon for 97 gold pieces
 72177 | Bazaar   | Bought a scroll of enchant weapon for 97 gold pieces
 72177 | Bazaar   | Bought a scroll of identify for 26 gold pieces
 72474 | Depths:2 | Reached skill level 27 in Fighting
 72498 | Depths:2 | Received a gift from Okawaru
 72805 | Depths:2 | Found Ocvuxoz's Jewellery Emporium.
 72805 | Depths:2 | Found Bym Rulot's Gadget Shop.
 72806 | Depths:2 | Found Titzil's Gadget Shop.
 73439 | Depths:2 | Received a gift from Okawaru
 73543 | Depths:2 | Noticed a caustic shrike
 73549 | Depths:2 | Killed a caustic shrike
 73549 | Depths:2 | Received a gift from Okawaru
 73607 | Depths:2 | Learned a level 1 spell: Animate Skeleton
 73688 | Depths:2 | Reached skill level 10 in Dodging
 74367 | Depths:2 | Received a gift from Okawaru
 74669 | Depths:3 | Noticed Sojobo
 74753 | Depths:3 | Found a glowing silver altar of Zin.
 74795 | Depths:3 | HP: 4/240 [stone giant/large rock (39)]
 74796 | Depths:3 | Hit by a large rock thrown by a stone giant

Levels and vault maps discovered:
D:1:      elethiomel_arrival_quiet, layout_loops_ring
D:2:      layout_basic
D:3:      layout_basic, first_ration
D:4:      layout_basic, minmay_manual_mess
D:5:      minmay_recursive_quarters, layout_basic, led_sif_pool,
          minmay_temple_entry_crystal_x, trog_three_pillars_becter, uniq_edmund,
          uniq_duvessa, uniq_eustachio
D:6:      layout_basic, serial_shops, nicolae_shop_waterfront,
          uniq_crazy_yiuf_cottage
D:7:      old_forge, layout_basic, nicolae_dithmenos_shadow_blocks,
          lemuel_coloured_pillars_altar, serial_shops,
          nicolae_shop_behind_doors, uniq_maggie
D:8:      layout_loops_ring, marbit_many_paths, gammafunk_temple_overflow_pools,
          minmay_lair_entry_grove, uniq_erica
D:9:      layout_irregular_city, dancing_weapons_uskayaw,
          hangedman_little_slice_of_home
D:10:     layout_roguey, basic_altar, ebering_ghost_funeral_grove
D:11:     layout_rooms, chequers_garden
D:12:     minmay_the_grid_triangle_9x9_rhombus_full_mashed
          [minmay_the_grid_triangle_9x9_impossible_snake,
          minmay_the_grid_triangle_9x9_semitri,
          minmay_the_grid_triangle_9x9_shrine,
          minmay_the_grid_triangle_9x9_dagger,
          minmay_the_grid_triangle_9x9_swiss_cheese,
          minmay_the_grid_triangle_9x9_tough_junction,
          minmay_the_grid_triangle_9x9_limited_checkers,
          minmay_the_grid_triangle_9x9_prize_top_heavy], layout_layer_cave,
          chequers_guarded_unrand_ignorance
D:13:     kennysheep_six_static_rooms, layout_rooms, serial_shops,
          kennysheep_little_box, minivault_20
D:14:     minmay_statue_hallways, layout_basic, ximxim_vaults_locker_room,
          minmay_misc_feat_rugged, uniq_nessos, uniq_rupert
D:15:     grunt_enter_depths_giant_problem, layout_basic, serial_shops,
          nicolae_shop_crystal, shop, shop, uniq_kirke
Temple:   eino_wide_crystal_templ
Lair:1:   layout_gridlike, grunt_megastairs_5, lemuel_fruit_tree,
          minmay_lair_oklob_chamber, lemuel_fruit_fields, uniq_fannar
Lair:2:   layout_chaotic_city, gauntlet_entry_generic
Lair:3:   layout_misc_corridors, dummy_spider_entry
Lair:4:   layout_regular_city, elwin_shoals_entry_rocks,
          infiniplex_staircase_pool_2, grunt_megastairs_3
Lair:5:   layout_cave_pods, nicolae_slime_entry_slimehenge, uniq_snorg
Lair:6:   gammafunk_lair_ancient_temple, layout_gridlike
Shoals:1: cheibrodos_shoals_three_sisters, layout_shoals,
          dpeg_stationary_puzzle, uniq_frances
Shoals:2: layout_shoals, uniq_polyphemus
Shoals:3: layout_shoals
Shoals:4: shoals_end_grunt_ice, layout_shoals
Spider:1: layout_spider_delve
Spider:2: layout_spider_delve, uniq_arachne
Spider:3: layout_spider_delve
Spider:4: johnstein_spider_rune_arachne_lair, nicolae_orb_island
Orc:1:    layout_diamond_mine, serial_shops, nicolae_shop_statue_plus
Orc:2:    grunt_orc_tribal_feast, layout_caves, statue_in_the_mist_lemuel
Elf:1:    layout_geoelf_grid, portal_ice_cave_entry_pillars_four, basic_altar,
          minmay_elf_annihilation
Elf:2:    layout_rooms
Elf:3:    grunt_elf_hall_branching, layout_loops_corners, uniq_mara, uniq_donald
Vaults:1: nicolae_vaults_network_quincunx
          [nicolae_vaults_network_quincunx_subvault,
          nicolae_vaults_network_quincunx_subvault,
          nicolae_vaults_network_quincunx_subvault,
          nicolae_vaults_network_quincunx_subvault,
          nicolae_vaults_network_quincunx_subvault], v_rooms_2, v_misc_8,
          v_misc_32, hangedman_vaults_stitches, vaults_room_fancy_cross,
          nicolae_vaults_angled_halls, nicolae_vaults_angled_halls,
          ontoclasm_vaults_decontamination, special_room_vaults
          [special_room_orc], layout_vaults_chaotic_city, serial_shops,
          bzr_entry_lakeside
Vaults:2: vaults_room_boxed, vaults_room_fancy_cross, hangedman_vaults_cutoff,
          nicolae_vaults_alarming, vaults_dpeg_cross, st_spiral_rooms,
          hangedman_vaults_corner, grunt_vaults_diagonal,
          nicolae_vaults_little_squares_1, nicolae_vaults_little_squares_3,
          ontoclasm_vaults_shuriken, v_misc_27, nicolae_vaults_asterisk,
          nicolae_vaults_network_quinsquares
          [nicolae_vaults_network_quincunx_subvault,
          nicolae_vaults_network_quincunx_subvault,
          nicolae_vaults_network_quincunx_subvault,
          nicolae_vaults_network_quincunx_subvault], layout_vaults_omnicross,
          basic_altar
Vaults:3: vaults_room_door_hall, minmay_crypt_entry_skeletal_spiral,
          vaults_dpeg_ring, nicolae_vaults_statue_guard, v_pattern_1,
          v_alt_pattern_2, hangedman_vaults_restitches,
          vaults_dpeg_encased_lava, nicolae_vaults_specimen_jars,
          layout_vaults_omnigrid
Vaults:4: v_misc_13, nicolae_vaults_shelves_hall,
          vaults_room_hangedman_quadrants, ontoclasm_vaults_ring_small,
          dpeg_vaults_monster_box, vaults_room_stairs_pillars, v_pattern_4,
          nicolae_vaults_rhombus_6, nicolae_vaults_windows_and_doors_thing,
          vaults_room_corners, vaults_room_pools, ontoclasm_vaults_ring_small,
          nicolae_vaults_shelves_hall, layout_vaults_omnibox
Depths:1: evilmike_negative_zone, layout_gridlike, serial_bayou_pond_c,
          grunt_metal_band, hangedman_stitches_earthworm
Depths:2: angbandy_vault, layout_gridlike, minmay_crystal_water,
          hangedman_coc_ice_floe, serial_shops, bzr_entry_dummy,
          minmay_shop_grove
Depths:3: grunt_profane_halls [grunt_profane_temple_coc,
          grunt_profane_temple_tar, grunt_profane_temple_dis,
          grunt_profane_temple_geh, grunt_profane_loot], pan_entry, hell_entry,
          uniq_sojobo

Skill      XL: |  1  2  3  4  5  6  7  8  9 10 11 12 13 14 15 16 17 18 19 20 21 22 23 |
---------------+----------------------------------------------------------------------+-----
Bows           | 6 7 8 9 10 12 14 15 16 18 20 | 20.0
Evocations     | 2 5 8 9 10 | 10.0
Armour         | 1 4 6 7 8 9 10 | 10.0
Fighting       | 3 7 8 10 11 13 14 16 19 21 22 24 25 26 27 | 27.0
Dodging        | 2 4 6 8 11 | 11.4
Long Blades    | 2 5 7 8 |  8.9
Invocations    | 5 6 10 | 10.0
Hexes          | 5 7 |  7.0
Translocations | 5 7 |  7.0
Spellcasting   | 5 |  5.0
Short Blades   | |  0.1
Stealth        | |  0.4

Action                   |  1- 3 |  4- 6 |  7- 9 | 10-12 | 13-15 | 16-18 | 19-21 | 22-24 || total
-------------------------+-------+-------+-------+-------+-------+-------+-------+-------++-------
Melee: Short sword       |   130 |   164 |     2 |       |       |       |       |       ||   296
       Kick              |    22 |    24 |    22 |    70 |     1 |       |     9 |     2 ||   150
       Dagger            |       |       |    82 |    25 |       |       |       |       ||   107
       Double sword      |       |       |       |   215 |     4 |       |     5 |     9 ||   233
       Longbow           |       |       |       |       |     1 |       |       |       ||     1
       Hand axe          |       |       |       |       |       |       |    18 |       ||    18
 Fire: Shortbow          |    38 |   115 |   299 |   275 |       |       |       |       ||   727
       Hunting sling     |       |       |       |    69 |       |       |       |       ||    69
       Longbow           |       |       |       |   145 |  1478 |  1530 |  2089 |  1182 ||  6424
Throw: Stone             |       |    11 |     7 |    15 |       |       |       |       ||    33
       Dart              |       |    12 |     3 |     4 |       |       |       |       ||    19
       Boomerang         |       |       |       |     6 |       |       |       |       ||     6
 Cast: Apportation       |       |       |       |       |     1 |     9 |       |     1 ||    11
       Animate Skeleton  |       |       |       |       |       |       |       |     4 ||     4
Invok: Heroism           |       |       |       |     1 |     7 |     6 |     6 |     2 ||    22
       Finesse           |       |       |       |       |     1 |     1 |       |     1 ||     3
 Abil: Blink             |       |       |       |       |     2 |       |       |     1 ||     3
Evoke: Wand              |       |       |     3 |     4 |    13 |     3 |    11 |     4 ||    38
       Lamp of fire      |       |       |       |     1 |     2 |     5 |     3 |     1 ||    12
       Sack of spiders   |       |       |       |       |       |       |     1 |       ||     1
       Lightning rod     |       |       |       |       |       |       |     2 |       ||     2
       Tin of tremorston |       |       |       |       |       |       |     2 |       ||     2
       Phial of floods   |       |       |       |       |       |       |       |     3 ||     3
  Use: Scroll            |       |     8 |     6 |     8 |    16 |    10 |    10 |    20 ||    78
       Potion            |       |       |       |       |    13 |     6 |     2 |    10 ||    31
  Eat: Chunk             |     2 |     7 |    12 |    14 |    22 |    14 |    30 |    18 ||   119
       Ration            |       |     1 |       |     4 |     4 |     5 |     5 |     2 ||    21
Armor: Leather armour    |    58 |    50 |       |       |       |       |       |       ||   108
       Scale mail        |       |    33 |    84 |   305 |   421 |   282 |   321 |   214 ||  1660
Dodge: Dodged            |    88 |   103 |    41 |   155 |   207 |   137 |   292 |   198 ||  1221
Block: Other             |       |       |       |       |       |       |       |    24 ||    24
       Reflection        |       |       |       |       |       |       |       |     3 ||     3
       Rpst.: Double sword |       |       |       |    27 |       |       |       |       ||    27

Table legend:
 A = Non-vault XP
 B = Vault XP
 C = Vault XP percentage of total XP
 D = Non-vault monster count
 E = Vault monster count
 F = Vault count percentage of total count
                 A         B        C        D         E       F
            +---------+---------+-------+---------+---------+-------
      Total |  519851 |  426262 |  45.1 |    1424 |     701 |  33.0
            +---------+---------+-------+---------+---------+-------
        D:1 |      55 |       0 |   0.0 |      32 |       0 |   0.0
        D:2 |      80 |       0 |   0.0 |      26 |       0 |   0.0
        D:3 |     114 |       0 |   0.0 |      29 |       0 |   0.0
        D:4 |     413 |      40 |   8.8 |      17 |       4 |  19.0
        D:5 |     576 |     960 |  62.5 |      27 |      11 |  28.9
        D:6 |    1327 |      40 |   2.9 |      27 |       1 |   3.6
        D:7 |     783 |    1225 |  61.0 |      23 |      17 |  42.5
        D:8 |    2825 |    2120 |  42.9 |      22 |       9 |  29.0
        D:9 |    4348 |     163 |   3.6 |      45 |       8 |  15.1
       D:10 |    3340 |    1804 |  35.1 |      35 |       5 |  12.5
       D:11 |    1708 |       0 |   0.0 |      27 |       0 |   0.0
       D:12 |    4928 |    6770 |  57.9 |      54 |      18 |  25.0
       D:13 |    6454 |    2056 |  24.2 |      26 |       7 |  21.2
       D:14 |   15219 |    9607 |  38.7 |      57 |      14 |  19.7
       D:15 |   25067 |    7933 |  24.0 |      47 |      10 |  17.5
     Lair:1 |    6230 |    2183 |  25.9 |      26 |       7 |  21.2
     Lair:2 |    4238 |       0 |   0.0 |      19 |       0 |   0.0
     Lair:3 |    8143 |       0 |   0.0 |      35 |       0 |   0.0
     Lair:4 |    5122 |    1164 |  18.5 |      21 |       3 |  12.5
     Lair:5 |    5509 |    1698 |  23.6 |      25 |       8 |  24.2
     Lair:6 |   13010 |    7946 |  37.9 |      36 |      23 |  39.0
   Shoals:1 |   14130 |    9812 |  41.0 |      28 |      11 |  28.2
   Shoals:2 |   12591 |    6977 |  35.7 |      26 |       6 |  18.8
   Shoals:3 |   20318 |       0 |   0.0 |      44 |       0 |   0.0
   Shoals:4 |   26231 |   23484 |  47.2 |      50 |      33 |  39.8
   Spider:1 |   12145 |       0 |   0.0 |      35 |       0 |   0.0
   Spider:2 |    7251 |    3522 |  32.7 |      23 |       1 |   4.2
   Spider:3 |    5425 |     229 |   4.1 |      15 |       1 |   6.2
   Spider:4 |   15090 |   33702 |  69.1 |      40 |      63 |  61.2
      Orc:1 |     521 |       0 |   0.0 |       8 |       0 |   0.0
      Orc:2 |    6799 |    7487 |  52.4 |      51 |      30 |  37.0
      Elf:1 |   23281 |    6392 |  21.5 |      36 |      10 |  21.7
      Elf:2 |   16174 |   27612 |  63.1 |      30 |      32 |  51.6
      Elf:3 |   23134 |   56541 |  71.0 |      34 |      34 |  50.0
   Vaults:1 |   38845 |   16412 |  29.7 |      63 |      43 |  40.6
   Vaults:2 |   35058 |   23557 |  40.2 |      53 |      40 |  43.0
   Vaults:3 |   55459 |   21651 |  28.1 |      93 |      44 |  32.1
   Vaults:4 |   27466 |   18188 |  39.8 |      53 |      22 |  29.3
   Depths:1 |   33951 |   45719 |  57.4 |      40 |      64 |  61.5
   Depths:2 |   36493 |   57888 |  61.3 |      46 |      35 |  43.2
   Depths:3 |       0 |    8169 | 100.0 |       0 |      13 | 100.0
      IceCv |       0 |    8866 | 100.0 |       0 |      59 | 100.0
   Gauntlet |       0 |    4345 | 100.0 |       0 |      15 | 100.0
            +---------+---------+-------+---------+---------+-------
